[ PARTIDA AOE2 · #462528231 ]
Team RMFrancos vs Tupi
[ ANÁLISIS DE REPETICIÓN · EXTRAÍDO DE LA PARTIDA GRABADA ]
Feudal
13:24
Castillos
19:37
Imperial
54:24
| APM promedio | 17.0 |
| APM pico | 34 |
| eAPM promedio | 10.6 |
| Aldeanos / militares | 105 / 69 |
Foco
⚔️ 27.5% · 🌾 72.5%
Knight ×53 · Scout Cavalry ×10 · Spearman ×3 · Throwing Axeman ×2 · Monk ×1
Feudal
14:26
Castillos
23:21
Imperial
39:03
| APM promedio | 20.1 |
| APM pico | 45 |
| eAPM promedio | 11.9 |
| Aldeanos / militares | 121 / 90 |
Foco
⚔️ 21.1% · 🌾 78.9%
Mameluke ×62 · Scout Cavalry ×15 · Archer ×5 · Fishing Ship ×3 · Trebuchet (Packed) ×3 · Fire Galley ×3
Feudal
—
Castillos
—
Imperial
—
| APM promedio | 37.4 |
| APM pico | 216 |
| eAPM promedio | 28.3 |
| Aldeanos / militares | 76 / 1 |
Foco
⚔️ 12.5% · 🌾 87.5%
Unknown (2550) ×203 · Monk ×1
Feudal
—
Castillos
—
Imperial
—
| APM promedio | 13.8 |
| APM pico | 38 |
| eAPM promedio | 9.8 |
| Aldeanos / militares | 102 / 154 |
Foco
⚔️ 25.1% · 🌾 74.9%
Spearman ×135 · Fishing Ship ×17 · Scout Cavalry ×6 · Battering Ram ×5 · Monk ×3 · Unknown (2626) ×2
Feudal
16:55
Castillos
21:42
Imperial
54:39
| APM promedio | 26.6 |
| APM pico | 67 |
| eAPM promedio | 14.7 |
| Aldeanos / militares | 132 / 122 |
Foco
⚔️ 30.2% · 🌾 69.8%
Chu Ko Nu ×82 · Fishing Ship ×27 · Galley ×14 · Fire Lancer ×8 · Iron Pagoda ×8 · Battering Ram ×6
Feudal
—
Castillos
—
Imperial
—
| APM promedio | 21.7 |
| APM pico | 60 |
| eAPM promedio | 12.8 |
| Aldeanos / militares | 95 / 150 |
Foco
⚔️ 36.2% · 🌾 63.8%
Archer ×122 · Spearman ×28
Feudal
14:25
Castillos
20:43
Imperial
38:47
| APM promedio | 32.8 |
| APM pico | 63 |
| eAPM promedio | 11.9 |
| Aldeanos / militares | 111 / 180 |
Foco
⚔️ 29.0% · 🌾 71.0%
Knight ×112 · Skirmisher ×65 · Trebuchet (Packed) ×3
Feudal
—
Castillos
—
Imperial
—
| APM promedio | 22.2 |
| APM pico | 58 |
| eAPM promedio | 11.1 |
| Aldeanos / militares | 176 / 92 |
Foco
⚔️ 22.2% · 🌾 77.8%
Boyar ×72 · Scout Cavalry ×11 · Trebuchet (Packed) ×9
Mapa de la partida
Recursos al inicio + cada clic de construcción. Línea gruesa = muro · recuadro discontinuo = muro de casas detectado. 🟡 oro · ⚪ piedra · 🟢 bayas · 🔶 jabalí · ⭕ reliquia
Inputs por minuto
— mattinstat - - Weolex
Build order — mattinstat
Primeras 150 de 258 acciones detectadas
| 0:26 | Construir | Town Center |
| 2:02 | Crear | Villager (Male) ×4 |
| 2:57 | Construir | House |
| 3:01 | Investigar | Loom |
| 3:02 | Crear | Villager (Male) ×2 |
| 3:28 | Crear | Villager (Male) |
| 4:15 | Crear | Villager (Male) |
| 4:32 | Crear | Villager (Male) |
| 4:47 | Construir | House |
| 4:55 | Crear | Villager (Male) |
| 4:55 | Crear | Villager (Male) |
| 6:12 | Crear | Villager (Male) |
| 6:12 | Crear | Villager (Male) |
| 6:13 | Crear | Villager (Male) |
| 6:13 | Crear | Villager (Male) |
| 6:19 | Construir | House |
| 6:45 | Crear | Villager (Male) |
| 6:45 | Crear | Villager (Male) |
| 6:59 | Construir | House |
| 7:05 | Crear | Villager (Male) |
| 7:05 | Crear | Villager (Male) |
| 7:42 | Construir | Mill |
| 8:03 | Crear | Villager (Male) |
| 8:18 | Crear | Villager (Male) |
| 8:21 | Crear | Villager (Male) |
| 8:23 | Crear | Villager (Male) |
| 8:35 | Construir | Mill |
| 8:40 | Crear | Villager (Male) |
| 9:01 | Crear | Villager (Male) |
| 9:49 | Crear | Villager (Male) |
| 10:04 | Construir | Barracks |
| 10:19 | Construir | House |
| 10:53 | Crear | Villager (Male) |
| 11:03 | Construir | Mining Camp |
| 11:12 | Investigar | Feudal Age |
| 11:42 | Construir | House |
| 11:48 | Construir | Palisade Wall |
| 11:52 | Construir | Building 796 |
| 12:00 | Crear | Villager (Male) |
| 12:00 | Crear | Villager (Male) |
| 12:34 | Crear | Villager (Male) |
| 13:08 | Construir | House |
| 13:24 | Edad | Edad Feudal |
| 13:29 | Crear | Villager (Male) |
| 13:38 | Construir | Stable |
| 14:36 | Construir | Blacksmith |
| 15:07 | Crear | Scout Cavalry ×5 |
| 15:44 | Construir | Mill |
| 16:11 | Investigar | Scale Barding Armor |
| 16:11 | Investigar | Forging |
| 16:14 | Crear | Scout Cavalry |
| 16:15 | Crear | Scout Cavalry |
| 16:32 | Crear | Villager (Male) |
| 16:32 | Crear | Villager (Male) |
| 16:56 | Investigar | Castle Age |
| 17:41 | Crear | Scout Cavalry |
| 17:41 | Crear | Scout Cavalry |
| 18:03 | Crear | Villager (Male) |
| 19:37 | Edad | Edad de los Castillos |
| 19:38 | Crear | Villager (Male) |
| 19:43 | Investigar | Light Cavalry (upgrade) |
| 19:49 | Investigar | Chain Barding Armor |
| 20:09 | Investigar | Wheelbarrow |
| 20:17 | Construir | Town Center |
| 20:28 | Crear | Spearman |
| 20:43 | Crear | Scout Cavalry |
| 22:42 | Construir | Town Center |
| 22:59 | Crear | Spearman |
| 22:59 | Crear | Spearman |
| 23:04 | Investigar | Hand Cart |
| 23:15 | Crear | Villager (Male) |
| 23:15 | Crear | Villager (Male) |
| 23:16 | Crear | Villager (Male) |
| 24:20 | Crear | Villager (Male) |
| 24:25 | Crear | Villager (Male) |
| 24:33 | Crear | Knight |
| 24:34 | Crear | Knight |
| 25:12 | Construir | Town Center |
| 26:00 | Crear | Villager (Male) |
| 26:00 | Crear | Villager (Male) |
| 26:04 | Crear | Villager (Male) |
| 26:18 | Construir | House |
| 26:19 | Construir | House |
| 26:24 | Investigar | Gold Mining |
| 26:35 | Crear | Villager (Male) |
| 26:36 | Crear | Villager (Male) |
| 26:58 | Crear | Knight |
| 26:58 | Crear | Knight |
| 27:02 | Crear | Villager (Male) |
| 27:03 | Crear | Villager (Male) |
| 27:03 | Crear | Villager (Male) |
| 27:55 | Crear | Villager (Male) |
| 28:08 | Construir | Mill |
| 28:18 | Investigar | Town Watch |
| 28:30 | Crear | Villager (Male) |
| 29:07 | Crear | Villager (Male) |
| 29:14 | Crear | Villager (Male) |
| 29:53 | Crear | Knight |
| 30:15 | Crear | Villager (Male) |
| 30:15 | Crear | Villager (Male) |
| 30:40 | Construir | Monastery |
| 30:46 | Crear | Knight |
| 30:46 | Crear | Knight |
| 31:09 | Crear | Monk |
| 31:14 | Crear | Knight |
| 31:23 | Crear | Villager (Male) |
| 31:24 | Crear | Villager (Male) |
| 31:44 | Investigar | Town Patrol |
| 31:49 | Crear | Villager (Male) |
| 31:49 | Crear | Villager (Male) |
| 31:57 | Construir | House |
| 31:58 | Construir | House |
| 31:58 | Construir | House |
| 31:59 | Construir | House |
| 32:15 | Crear | Knight |
| 32:30 | Construir | House |
| 32:41 | Construir | Mining Camp |
| 32:51 | Crear | Villager (Male) |
| 32:51 | Crear | Villager (Male) |
| 32:56 | Crear | Villager (Male) |
| 35:27 | Construir | Lumber Camp |
| 35:47 | Crear | Knight ×5 |
| 35:53 | Construir | Farm |
| 35:54 | Construir | Farm |
| 35:56 | Construir | Farm |
| 35:57 | Construir | Farm |
| 36:00 | Construir | Farm |
| 36:01 | Construir | Farm |
| 36:03 | Construir | Farm |
| 36:06 | Crear | Villager (Male) |
| 36:06 | Crear | Villager (Male) |
| 36:20 | Construir | Farm |
| 36:22 | Construir | Farm |
| 36:23 | Construir | Farm |
| 36:24 | Construir | Farm |
| 36:26 | Construir | Farm |
| 36:27 | Construir | Farm |
| 36:27 | Construir | Farm |
| 36:30 | Construir | Farm |
| 36:31 | Construir | Farm |
| 36:42 | Construir | Farm |
| 36:43 | Construir | Farm |
| 36:46 | Crear | Villager (Male) |
| 36:46 | Crear | Villager (Male) |
| 36:49 | Crear | Knight |
| 36:50 | Crear | Knight |
| 37:04 | Construir | Town Center |
| 37:37 | Crear | Knight |
| 37:39 | Investigar | Iron Casting |
| 37:54 | Construir | Farm |
Build order — Weolex
Primeras 150 de 324 acciones detectadas
| 0:06 | Construir | Mill |
| 0:40 | Construir | Town Center |
| 2:13 | Crear | Villager (Male) |
| 2:14 | Crear | Villager (Male) |
| 2:14 | Crear | Villager (Male) |
| 2:14 | Crear | Villager (Male) |
| 2:31 | Construir | House |
| 2:34 | Construir | House |
| 4:12 | Crear | Villager (Male) |
| 4:55 | Crear | Villager (Male) |
| 5:29 | Crear | Villager (Male) |
| 5:46 | Crear | Villager (Male) |
| 6:17 | Crear | Villager (Male) |
| 6:40 | Crear | Villager (Male) |
| 6:44 | Construir | House |
| 7:18 | Crear | Villager (Male) |
| 7:38 | Crear | Villager (Male) |
| 7:39 | Crear | Villager (Male) |
| 7:39 | Crear | Villager (Male) |
| 8:05 | Crear | Villager (Male) |
| 8:55 | Construir | Dock |
| 8:58 | Crear | Villager (Male) |
| 8:59 | Crear | Villager (Male) |
| 9:16 | Construir | Mill |
| 9:26 | Construir | Mining Camp |
| 9:29 | Crear | Villager (Male) |
| 10:04 | Crear | Fishing Ship |
| 10:10 | Construir | House |
| 10:22 | Investigar | Loom |
| 10:34 | Crear | Villager (Male) |
| 11:05 | Crear | Fishing Ship |
| 11:17 | Crear | Villager (Male) |
| 12:16 | Investigar | Feudal Age |
| 12:22 | Construir | Farm |
| 12:36 | Construir | House |
| 12:58 | Construir | Barracks |
| 13:35 | Construir | Mill |
| 14:07 | Construir | Mill |
| 14:26 | Edad | Edad Feudal |
| 14:34 | Construir | Archery Range |
| 14:52 | Crear | Villager (Male) |
| 14:52 | Crear | Villager (Male) |
| 14:52 | Crear | Villager (Male) |
| 15:15 | Crear | Spearman |
| 15:17 | Crear | Archer |
| 15:18 | Crear | Archer |
| 15:18 | Crear | Archer |
| 15:52 | Construir | House |
| 15:57 | Crear | Villager (Male) |
| 16:37 | Crear | Villager (Male) |
| 16:38 | Crear | Villager (Male) |
| 16:40 | Crear | Villager (Male) |
| 16:45 | Crear | Fishing Ship |
| 16:58 | Construir | Lumber Camp |
| 17:11 | Crear | Archer |
| 17:31 | Crear | Villager (Male) |
| 17:44 | Construir | House |
| 17:45 | Construir | House |
| 17:58 | Construir | Farm |
| 18:10 | Crear | Villager (Male) |
| 18:24 | Crear | Archer |
| 19:21 | Construir | Palisade Wall |
| 19:26 | Construir | Palisade Wall |
| 19:29 | Construir | Palisade Wall |
| 19:51 | Crear | Villager (Male) |
| 19:52 | Crear | Villager (Male) |
| 19:57 | Construir | Blacksmith |
| 20:33 | Investigar | Castle Age |
| 21:00 | Crear | Spearman |
| 21:12 | Crear | Villager (Male) |
| 21:12 | Crear | Villager (Male) |
| 21:23 | Investigar | Fletching |
| 23:02 | Crear | Villager (Male) |
| 23:03 | Crear | Villager (Male) |
| 23:03 | Crear | Villager (Male) |
| 23:16 | Construir | House |
| 23:18 | Construir | House |
| 23:21 | Construir | House |
| 23:21 | Edad | Edad de los Castillos |
| 23:44 | Construir | Town Center |
| 24:12 | Investigar | Gold Mining |
| 24:20 | Construir | Market |
| 24:58 | Crear | Villager (Male) |
| 25:35 | Construir | House |
| 25:39 | Construir | Palisade Wall |
| 25:40 | Construir | Palisade Wall |
| 25:42 | Crear | Villager (Male) |
| 25:43 | Crear | Villager (Male) |
| 25:43 | Crear | Villager (Male) |
| 26:02 | Crear | Villager (Male) |
| 26:02 | Crear | Villager (Male) |
| 26:02 | Crear | Villager (Male) |
| 26:03 | Crear | Villager (Male) |
| 26:03 | Crear | Villager (Male) |
| 26:14 | Crear | Villager (Male) |
| 26:14 | Crear | Villager (Male) |
| 26:15 | Crear | Villager (Male) |
| 26:42 | Construir | House |
| 26:46 | Construir | Palisade Wall |
| 27:29 | Construir | Town Center |
| 27:52 | Construir | Town Center |
| 28:08 | Crear | Villager (Male) |
| 28:09 | Crear | Villager (Male) |
| 28:36 | Construir | Building 796 |
| 28:44 | Construir | House |
| 28:47 | Construir | House |
| 28:56 | Construir | Palisade Wall |
| 29:01 | Construir | Palisade Wall |
| 29:10 | Crear | Villager (Male) |
| 29:11 | Crear | Villager (Male) |
| 29:11 | Crear | Villager (Male) |
| 29:15 | Construir | Palisade Wall |
| 29:16 | Construir | Palisade Wall |
| 29:25 | Crear | Villager (Male) |
| 30:04 | Construir | Palisade Wall |
| 30:05 | Construir | Palisade Wall |
| 30:32 | Construir | Lumber Camp |
| 30:44 | Crear | Villager (Male) |
| 30:44 | Crear | Villager (Male) |
| 30:45 | Crear | Villager (Male) |
| 30:45 | Crear | Villager (Male) |
| 30:47 | Construir | Farm |
| 31:08 | Construir | Siege Workshop |
| 31:25 | Crear | Villager (Male) |
| 31:25 | Crear | Villager (Male) |
| 31:43 | Crear | Villager (Male) |
| 31:43 | Crear | Villager (Male) |
| 31:44 | Crear | Villager (Male) |
| 32:22 | Crear | Villager (Male) |
| 32:24 | Crear | Villager (Male) |
| 32:31 | Crear | Villager (Male) |
| 32:31 | Crear | Villager (Male) |
| 32:31 | Crear | Villager (Male) |
| 32:31 | Crear | Villager (Male) |
| 32:38 | Construir | Farm |
| 32:41 | Construir | Farm |
| 33:00 | Investigar | Double-Bit Axe |
| 33:40 | Construir | Castle |
| 33:56 | Construir | Lumber Camp |
| 34:00 | Crear | Villager (Male) |
| 34:00 | Crear | Villager (Male) |
| 34:00 | Crear | Villager (Male) |
| 34:01 | Crear | Villager (Male) |
| 34:01 | Crear | Villager (Male) |
| 34:01 | Crear | Villager (Male) |
| 34:01 | Crear | Villager (Male) |
| 34:03 | Crear | Villager (Male) |
| 35:09 | Construir | Farm |
| 35:10 | Construir | Farm |
| 35:11 | Investigar | Horse Collar |
Build order — CheJuani10
Primeras 150 de 599 acciones detectadas
| 0:03 | Construir | House |
| 0:06 | Construir | House |
| 1:54 | Construir | Town Center |
| 3:31 | Crear | Villager (Male) ×4 |
| 3:31 | Crear | Villager (Male) |
| 4:22 | Investigar | Loom |
| 5:36 | Crear | Villager (Male) |
| 5:36 | Crear | Villager (Male) |
| 5:36 | Crear | Villager (Male) |
| 6:17 | Construir | Settlement |
| 6:23 | Crear | Villager (Male) ×3 |
| 6:23 | Crear | Villager (Male) |
| 6:46 | Crear | Villager (Male) |
| 6:46 | Crear | Villager (Male) |
| 6:46 | Crear | Villager (Male) |
| 8:00 | Crear | Villager (Male) |
| 8:59 | Crear | Villager (Male) |
| 8:59 | Crear | Villager (Male) |
| 9:52 | Crear | Villager (Male) |
| 10:20 | Crear | Villager (Male) |
| 10:34 | Investigar | Feudal Age |
| 11:29 | Construir | Settlement |
| 11:58 | Crear | Villager (Male) |
| 11:58 | Crear | Villager (Male) |
| 13:34 | Construir | Settlement |
| 13:46 | Crear | Villager (Male) |
| 13:58 | Construir | Market |
| 14:04 | Crear | Villager (Male) |
| 14:04 | Crear | Villager (Male) |
| 14:56 | Crear | Villager (Male) |
| 15:02 | Investigar | Double-Bit Axe |
| 15:43 | Investigar | Wheelbarrow |
| 15:46 | Crear | Villager (Male) |
| 15:46 | Crear | Villager (Male) |
| 16:26 | Crear | Villager (Male) |
| 16:37 | Construir | Blacksmith |
| 17:10 | Investigar | Castle Age |
| 17:26 | Construir | Barracks |
| 18:12 | Construir | Barracks |
| 18:14 | Investigar | Tech 1402 |
| 20:03 | Construir | Settlement |
| 20:08 | Investigar | Tech 1351 |
| 20:23 | Investigar | Squires |
| 21:22 | Investigar | Forging |
| 21:22 | Investigar | Scale Mail Armor |
| 21:26 | Crear | Unit 2550 |
| 21:26 | Crear | Unit 2550 |
| 21:36 | Crear | Unit 2550 ×5 |
| 21:36 | Crear | Unit 2550 |
| 22:29 | Crear | Unit 2550 |
| 22:30 | Crear | Unit 2550 |
| 22:30 | Crear | Unit 2550 |
| 22:30 | Crear | Unit 2550 |
| 23:14 | Investigar | Forging |
| 23:15 | Investigar | Scale Mail Armor |
| 24:03 | Construir | Farm |
| 24:03 | Construir | Farm |
| 24:03 | Construir | Farm |
| 24:03 | Construir | Farm |
| 24:03 | Construir | Farm |
| 24:03 | Construir | Farm |
| 24:03 | Construir | Farm |
| 24:03 | Construir | Farm |
| 24:03 | Construir | Farm |
| 24:03 | Construir | Farm |
| 24:03 | Construir | Farm |
| 24:03 | Construir | Farm |
| 24:03 | Construir | Farm |
| 24:03 | Construir | Farm |
| 24:03 | Construir | Farm |
| 24:03 | Construir | Farm |
| 24:03 | Construir | Farm |
| 24:03 | Construir | Farm |
| 24:10 | Construir | Farm |
| 24:10 | Construir | Farm |
| 24:10 | Construir | Farm |
| 24:10 | Construir | Farm |
| 24:10 | Construir | Farm |
| 24:10 | Construir | Farm |
| 24:10 | Construir | Farm |
| 24:10 | Construir | Farm |
| 24:10 | Construir | Farm |
| 24:10 | Construir | Farm |
| 24:10 | Construir | Farm |
| 24:10 | Construir | Farm |
| 24:11 | Construir | Farm |
| 24:11 | Construir | Farm |
| 24:11 | Construir | Farm |
| 24:11 | Construir | Farm |
| 24:11 | Construir | Farm |
| 24:11 | Construir | Farm |
| 24:11 | Construir | Farm |
| 24:11 | Construir | Farm |
| 24:11 | Construir | Farm |
| 24:11 | Construir | Farm |
| 24:11 | Construir | Farm |
| 24:11 | Construir | Farm |
| 24:12 | Construir | Farm |
| 24:12 | Construir | Farm |
| 24:12 | Construir | Farm |
| 24:12 | Construir | Farm |
| 24:12 | Construir | Farm |
| 24:12 | Construir | Farm |
| 24:12 | Construir | Farm |
| 24:12 | Construir | Farm |
| 24:12 | Construir | Farm |
| 24:12 | Construir | Farm |
| 24:12 | Construir | Farm |
| 24:12 | Construir | Farm |
| 24:13 | Construir | Farm |
| 24:13 | Construir | Farm |
| 24:13 | Construir | Farm |
| 24:19 | Construir | Farm |
| 24:20 | Construir | Farm |
| 24:20 | Construir | Farm |
| 24:20 | Construir | Farm |
| 24:20 | Construir | Farm |
| 24:28 | Construir | Farm |
| 24:28 | Construir | Farm |
| 24:28 | Construir | Farm |
| 24:29 | Construir | Farm |
| 24:29 | Construir | Farm |
| 24:29 | Construir | Farm |
| 24:46 | Crear | Unit 2550 |
| 24:46 | Crear | Unit 2550 |
| 24:46 | Crear | Unit 2550 |
| 24:52 | Investigar | Arson |
| 24:53 | Crear | Unit 2550 |
| 24:53 | Crear | Unit 2550 |
| 25:48 | Investigar | Chain Mail Armor |
| 25:58 | Construir | House |
| 25:59 | Construir | House |
| 26:46 | Investigar | Iron Casting |
| 26:48 | Crear | Unit 2550 |
| 26:49 | Crear | Unit 2550 |
| 27:06 | Crear | Unit 2550 |
| 27:07 | Crear | Unit 2550 |
| 27:12 | Construir | Barracks |
| 27:37 | Crear | Unit 2550 |
| 27:37 | Crear | Unit 2550 |
| 27:37 | Crear | Unit 2550 |
| 27:51 | Crear | Unit 2550 |
| 27:51 | Crear | Unit 2550 |
| 28:15 | Crear | Villager (Male) |
| 28:16 | Crear | Villager (Male) |
| 28:16 | Crear | Villager (Male) |
| 28:54 | Crear | Unit 2550 ×3 |
| 28:54 | Crear | Unit 2550 |
| 29:08 | Crear | Unit 2550 |
| 29:08 | Crear | Unit 2550 |
Build order — Wgonzalez079389
Primeras 150 de 257 acciones detectadas
| 1:17 | Construir | Town Center |
| 1:29 | Construir | House |
| 3:10 | Investigar | Loom |
| 3:10 | Investigar | Loom |
| 3:46 | Crear | Villager (Male) |
| 3:46 | Crear | Villager (Male) |
| 3:46 | Crear | Villager (Male) |
| 3:46 | Crear | Villager (Male) |
| 3:46 | Crear | Villager (Male) |
| 5:19 | Crear | Villager (Male) |
| 5:19 | Crear | Villager (Male) |
| 5:19 | Crear | Villager (Male) |
| 5:32 | Construir | House |
| 6:27 | Crear | Villager (Male) |
| 6:27 | Crear | Villager (Male) |
| 6:27 | Crear | Villager (Male) |
| 6:28 | Crear | Villager (Male) |
| 6:28 | Crear | Villager (Male) |
| 6:28 | Crear | Villager (Male) |
| 7:50 | Crear | Villager (Male) |
| 8:19 | Construir | House |
| 8:31 | Crear | Villager (Male) |
| 8:46 | Construir | Mill |
| 9:14 | Crear | Villager (Male) |
| 9:24 | Crear | Villager (Male) |
| 9:51 | Crear | Villager (Male) |
| 10:05 | Crear | Villager (Male) |
| 10:11 | Construir | House |
| 10:54 | Construir | Dock |
| 10:57 | Crear | Villager (Male) |
| 10:59 | Crear | Villager (Male) |
| 11:38 | Crear | Villager (Male) |
| 11:48 | Construir | House |
| 11:53 | Crear | Villager (Male) |
| 12:16 | Investigar | Feudal Age |
| 12:52 | Construir | Mining Camp |
| 12:56 | Crear | Villager (Male) |
| 12:57 | Crear | Villager (Male) |
| 13:37 | Crear | Fishing Ship |
| 14:01 | Construir | House |
| 14:16 | Crear | Fishing Ship |
| 14:53 | Crear | Fire Galley |
| 14:55 | Crear | Unit 2626 |
| 15:04 | Crear | Unit 2626 |
| 15:31 | Crear | Villager (Male) |
| 15:38 | Crear | Fishing Ship |
| 16:02 | Crear | Villager (Male) |
| 16:23 | Construir | Lumber Camp |
| 16:26 | Crear | Villager (Male) |
| 16:39 | Crear | Villager (Male) |
| 16:48 | Construir | Mining Camp |
| 16:56 | Investigar | Wheelbarrow |
| 17:03 | Crear | Fishing Ship |
| 17:19 | Crear | Villager (Male) |
| 18:08 | Crear | Fishing Ship |
| 18:47 | Construir | House |
| 18:51 | Crear | Villager (Male) |
| 19:15 | Crear | Fishing Ship |
| 19:24 | Construir | House |
| 19:55 | Investigar | Tech 906 |
| 20:34 | Construir | Barracks |
| 20:38 | Crear | Villager (Male) |
| 21:08 | Crear | Villager (Male) |
| 21:08 | Crear | Villager (Male) |
| 21:11 | Investigar | Town Watch |
| 21:36 | Construir | House |
| 21:42 | Construir | Stable |
| 21:47 | Crear | Villager (Male) |
| 22:22 | Construir | Mining Camp |
| 22:36 | Crear | Villager (Male) |
| 23:02 | Construir | Market |
| 23:17 | Crear | Villager (Male) |
| 23:17 | Crear | Villager (Male) |
| 23:43 | Construir | Stone Wall |
| 23:56 | Construir | Blacksmith |
| 23:59 | Crear | Villager (Male) |
| 24:06 | Crear | Villager (Male) |
| 24:13 | Construir | Stone Wall |
| 24:19 | Investigar | Castle Age |
| 24:29 | Construir | Building 673 |
| 24:48 | Crear | Villager (Male) |
| 24:48 | Crear | Villager (Male) |
| 25:00 | Crear | Scout Cavalry |
| 25:01 | Crear | Scout Cavalry ×5 |
| 25:09 | Construir | House |
| 25:13 | Construir | House |
| 26:03 | Construir | Stone Wall |
| 26:09 | Construir | Stone Wall |
| 26:18 | Crear | Villager (Male) |
| 26:35 | Construir | House |
| 26:36 | Construir | House |
| 26:38 | Construir | House |
| 26:54 | Investigar | Double-Bit Axe |
| 27:45 | Construir | Town Center |
| 27:53 | Construir | Town Center |
| 28:10 | Crear | Villager (Male) |
| 28:10 | Crear | Villager (Male) |
| 28:11 | Crear | Villager (Male) |
| 28:45 | Construir | University |
| 28:56 | Construir | Monastery |
| 28:58 | Crear | Villager (Male) |
| 28:59 | Crear | Villager (Male) |
| 29:36 | Investigar | Gillnets |
| 29:37 | Crear | Fishing Ship |
| 29:37 | Crear | Fishing Ship |
| 29:55 | Construir | Castle |
| 30:14 | Construir | Dock |
| 30:26 | Construir | Town Center |
| 30:46 | Investigar | Ballistics |
| 30:51 | Construir | Stable |
| 30:52 | Construir | Stable |
| 30:53 | Construir | Stable |
| 31:21 | Crear | Knight |
| 31:21 | Crear | Knight |
| 31:39 | Construir | Barracks |
| 31:41 | Crear | Spearman ×5 |
| 31:51 | Construir | Mining Camp |
| 31:59 | Crear | Villager (Male) |
| 31:59 | Crear | Villager (Male) |
| 31:59 | Crear | Villager (Male) |
| 31:59 | Crear | Villager (Male) |
| 32:20 | Construir | Monastery |
| 32:23 | Crear | Villager (Male) |
| 32:23 | Crear | Villager (Male) |
| 32:23 | Crear | Villager (Male) |
| 32:23 | Crear | Villager (Male) |
| 32:23 | Crear | Villager (Male) |
| 32:24 | Crear | Villager (Male) |
| 33:07 | Crear | Fishing Ship ×4 |
| 33:17 | Crear | Monk |
| 33:31 | Construir | Dock |
| 33:35 | Construir | Lumber Camp |
| 33:39 | Investigar | Horse Collar |
| 33:40 | Crear | Villager (Male) |
| 33:41 | Crear | Villager (Male) |
| 33:41 | Crear | Villager (Male) |
| 33:41 | Crear | Villager (Male) |
| 34:12 | Crear | Petard |
| 34:41 | Construir | Castle |
| 34:44 | Investigar | Fletching |
| 34:55 | Construir | Mill |
| 34:57 | Crear | Villager (Male) |
| 34:58 | Crear | Villager (Male) |
| 34:58 | Crear | Villager (Male) |
| 35:23 | Construir | House |
| 35:36 | Crear | Spearman ×2 |
| 35:36 | Crear | Spearman ×2 |
| 35:44 | Investigar | Pikeman (upgrade) |
| 35:45 | Crear | Spearman ×2 |
| 35:45 | Crear | Spearman ×2 |
Build order — walnutmonster
Primeras 150 de 441 acciones detectadas
| 0:55 | Construir | Town Center |
| 2:33 | Investigar | Loom |
| 3:21 | Crear | Villager (Male) |
| 4:28 | Crear | Villager (Male) |
| 4:58 | Crear | Villager (Male) |
| 5:04 | Crear | Villager (Male) |
| 6:06 | Construir | Dock |
| 6:14 | Crear | Villager (Male) |
| 6:15 | Crear | Villager (Male) |
| 7:26 | Crear | Villager (Male) |
| 7:29 | Crear | Fishing Ship |
| 7:42 | Crear | Villager (Male) |
| 7:51 | Crear | Villager (Male) |
| 8:04 | Crear | Fishing Ship |
| 8:23 | Construir | House |
| 8:26 | Crear | Villager (Male) |
| 8:35 | Crear | Villager (Male) |
| 8:52 | Crear | Fishing Ship |
| 9:02 | Crear | Villager (Male) |
| 9:23 | Crear | Villager (Male) |
| 9:34 | Crear | Villager (Male) |
| 9:37 | Construir | House |
| 9:46 | Crear | Fishing Ship |
| 10:08 | Construir | House |
| 10:19 | Crear | Villager (Male) |
| 10:27 | Construir | Palisade Wall |
| 10:33 | Crear | Villager (Male) |
| 10:34 | Crear | Villager (Male) |
| 10:51 | Construir | Palisade Wall |
| 10:56 | Crear | Villager (Male) |
| 11:00 | Crear | Fishing Ship |
| 11:23 | Construir | Palisade Gate |
| 11:27 | Crear | Villager (Male) |
| 11:31 | Crear | Villager (Male) |
| 11:33 | Crear | Fishing Ship |
| 11:45 | Crear | Villager (Male) |
| 11:50 | Crear | Fishing Ship |
| 12:15 | Crear | Fishing Ship |
| 12:34 | Construir | Palisade Wall |
| 12:53 | Construir | Palisade Wall |
| 12:59 | Construir | Palisade Gate |
| 13:07 | Construir | House |
| 13:09 | Construir | House |
| 13:18 | Construir | Mining Camp |
| 13:57 | Construir | Lumber Camp |
| 13:59 | Investigar | Feudal Age |
| 14:35 | Construir | Dock |
| 15:35 | Construir | House |
| 15:44 | Construir | Palisade Wall |
| 15:45 | Construir | Palisade Wall |
| 16:55 | Edad | Edad Feudal |
| 16:57 | Crear | Galley |
| 16:57 | Crear | Galley |
| 17:03 | Construir | Blacksmith |
| 17:06 | Investigar | Double-Bit Axe |
| 17:31 | Construir | Mill |
| 17:33 | Crear | Villager (Male) |
| 17:34 | Crear | Villager (Male) |
| 17:54 | Construir | Building 487 |
| 17:59 | Construir | Stone Wall |
| 18:02 | Construir | Stone Wall |
| 18:18 | Construir | Market |
| 18:21 | Construir | House |
| 18:28 | Crear | Villager (Male) |
| 18:35 | Crear | Galley |
| 18:35 | Crear | Galley |
| 19:02 | Investigar | Castle Age |
| 19:08 | Investigar | Fletching |
| 19:15 | Crear | Galley |
| 19:16 | Crear | Galley |
| 19:18 | Crear | Villager (Male) |
| 20:12 | Crear | Villager (Male) |
| 20:12 | Crear | Villager (Male) |
| 20:17 | Crear | Galley |
| 20:18 | Crear | Galley |
| 20:44 | Crear | Galley |
| 20:44 | Crear | Galley |
| 21:42 | Edad | Edad de los Castillos |
| 21:46 | Investigar | War Galley (upgrade) |
| 22:07 | Investigar | Bodkin Arrow |
| 22:19 | Construir | Town Center |
| 22:24 | Investigar | Tech 906 |
| 22:26 | Crear | Fishing Ship |
| 22:26 | Crear | Fishing Ship |
| 22:26 | Crear | Fishing Ship |
| 22:50 | Construir | House |
| 22:51 | Construir | House |
| 23:07 | Crear | Villager (Male) |
| 23:07 | Crear | Villager (Male) |
| 23:28 | Investigar | Gillnets |
| 23:38 | Crear | Fishing Ship |
| 23:39 | Crear | Fishing Ship |
| 23:39 | Crear | Fishing Ship |
| 23:39 | Crear | Fishing Ship |
| 23:59 | Crear | Fishing Ship |
| 23:59 | Crear | Fishing Ship |
| 23:59 | Crear | Fishing Ship |
| 24:27 | Crear | Villager (Male) |
| 24:27 | Crear | Villager (Male) |
| 24:32 | Crear | Villager (Male) |
| 24:33 | Crear | Villager (Male) |
| 24:35 | Crear | Fishing Ship |
| 24:35 | Crear | Fishing Ship |
| 24:41 | Crear | Fishing Ship |
| 24:44 | Crear | Villager (Male) |
| 25:01 | Crear | Villager (Male) |
| 25:09 | Crear | Fishing Ship |
| 25:10 | Crear | Fishing Ship |
| 25:22 | Crear | Villager (Male) |
| 25:25 | Crear | Villager (Male) |
| 25:27 | Crear | Villager (Male) |
| 25:59 | Crear | Fishing Ship |
| 25:59 | Crear | Fishing Ship |
| 26:00 | Crear | Villager (Male) |
| 26:01 | Crear | Villager (Male) |
| 26:13 | Crear | Villager (Male) |
| 26:14 | Crear | Villager (Male) |
| 26:30 | Crear | Galley |
| 26:30 | Crear | Galley |
| 26:31 | Crear | Galley |
| 26:32 | Crear | Galley |
| 26:45 | Construir | House |
| 26:47 | Construir | House |
| 26:51 | Crear | Villager (Male) |
| 27:52 | Construir | Castle |
| 28:04 | Crear | Villager (Male) |
| 28:04 | Crear | Villager (Male) |
| 28:06 | Investigar | Stone Mining |
| 28:07 | Investigar | Gold Mining |
| 28:33 | Crear | Fishing Ship |
| 28:33 | Crear | Fishing Ship |
| 29:22 | Construir | Castle |
| 29:33 | Crear | Villager (Male) |
| 29:34 | Crear | Villager (Male) |
| 29:37 | Investigar | Padded Archer Armor |
| 29:41 | Crear | Villager (Male) |
| 29:59 | Construir | Siege Workshop |
| 30:01 | Crear | Villager (Male) |
| 30:03 | Crear | Villager (Male) |
| 30:04 | Crear | Villager (Male) |
| 30:20 | Crear | Chu Ko Nu |
| 30:20 | Crear | Chu Ko Nu |
| 30:21 | Crear | Chu Ko Nu |
| 30:21 | Crear | Chu Ko Nu |
| 30:37 | Crear | Chu Ko Nu |
| 30:53 | Crear | Villager (Male) |
| 31:05 | Crear | Chu Ko Nu |
| 31:06 | Crear | Chu Ko Nu |
| 31:48 | Construir | Castle |
| 31:56 | Crear | Chu Ko Nu |
Build order — Selobate
Primeras 150 de 367 acciones detectadas
| 0:37 | Construir | House |
| 0:40 | Construir | House |
| 3:23 | Construir | Town Center |
| 5:27 | Crear | Villager (Male) |
| 5:27 | Crear | Villager (Male) |
| 5:28 | Crear | Villager (Male) |
| 5:28 | Crear | Villager (Male) |
| 5:28 | Crear | Villager (Male) |
| 5:28 | Crear | Villager (Male) |
| 5:32 | Investigar | Loom |
| 7:55 | Crear | Villager (Male) |
| 7:55 | Crear | Villager (Male) |
| 7:55 | Crear | Villager (Male) |
| 7:56 | Crear | Villager (Male) |
| 8:38 | Crear | Villager (Male) |
| 8:39 | Crear | Villager (Male) |
| 9:16 | Crear | Villager (Male) |
| 9:38 | Construir | Lumber Camp |
| 10:21 | Construir | Mill |
| 10:28 | Crear | Villager (Male) |
| 10:28 | Crear | Villager (Male) |
| 10:29 | Crear | Villager (Male) |
| 10:51 | Construir | House |
| 10:52 | Construir | House |
| 11:16 | Crear | Villager (Male) |
| 11:43 | Crear | Villager (Male) |
| 11:44 | Crear | Villager (Male) |
| 12:18 | Crear | Villager (Male) |
| 13:14 | Construir | Mining Camp |
| 14:50 | Investigar | Feudal Age |
| 15:39 | Construir | House |
| 15:43 | Construir | House |
| 16:56 | Construir | Market |
| 17:00 | Construir | Blacksmith |
| 17:09 | Crear | Villager (Male) |
| 17:09 | Crear | Villager (Male) |
| 17:10 | Crear | Villager (Male) |
| 17:12 | Crear | Villager (Male) |
| 17:25 | Investigar | Horse Collar |
| 17:25 | Investigar | Horse Collar |
| 17:35 | Construir | Farm |
| 17:39 | Construir | Farm |
| 17:40 | Construir | Farm |
| 17:42 | Construir | Farm |
| 17:43 | Construir | Farm |
| 17:46 | Construir | Farm |
| 17:49 | Construir | Farm |
| 18:03 | Crear | Villager (Male) |
| 18:04 | Crear | Villager (Male) |
| 18:25 | Investigar | Double-Bit Axe |
| 18:49 | Construir | Farm |
| 18:54 | Construir | Farm |
| 18:59 | Construir | Farm |
| 19:07 | Construir | Farm |
| 19:10 | Construir | Farm |
| 19:19 | Construir | Farm |
| 19:41 | Crear | Villager (Male) |
| 19:41 | Crear | Villager (Male) |
| 19:49 | Crear | Villager (Male) |
| 19:50 | Crear | Villager (Male) |
| 20:10 | Crear | Villager (Male) |
| 20:14 | Construir | Farm |
| 20:40 | Crear | Villager (Male) |
| 21:17 | Construir | Mining Camp |
| 21:46 | Investigar | Castle Age |
| 22:00 | Investigar | Stone Mining |
| 22:47 | Construir | House |
| 22:49 | Construir | House |
| 23:04 | Construir | House |
| 23:05 | Construir | House |
| 24:10 | Construir | Farm |
| 24:22 | Construir | Town Center |
| 24:30 | Construir | Town Center |
| 24:41 | Construir | Farm |
| 24:45 | Construir | Farm |
| 24:47 | Construir | Farm |
| 24:50 | Construir | Mill |
| 25:07 | Investigar | Gold Mining |
| 25:14 | Crear | Villager (Male) |
| 25:14 | Crear | Villager (Male) |
| 25:14 | Crear | Villager (Male) |
| 25:15 | Crear | Villager (Male) |
| 25:21 | Crear | Villager (Male) |
| 25:57 | Crear | Villager (Male) |
| 25:57 | Crear | Villager (Male) |
| 26:00 | Crear | Villager (Male) |
| 26:00 | Crear | Villager (Male) |
| 26:01 | Crear | Villager (Male) |
| 26:02 | Crear | Villager (Male) |
| 26:02 | Crear | Villager (Male) |
| 26:04 | Crear | Villager (Male) |
| 26:04 | Crear | Villager (Male) |
| 26:04 | Crear | Villager (Male) |
| 26:05 | Crear | Villager (Male) |
| 26:05 | Crear | Villager (Male) |
| 26:10 | Crear | Villager (Male) |
| 26:19 | Construir | Farm |
| 26:29 | Construir | Farm |
| 26:35 | Crear | Villager (Male) |
| 26:36 | Crear | Villager (Male) |
| 26:38 | Crear | Villager (Male) |
| 26:49 | Investigar | Bow Saw |
| 27:01 | Crear | Villager (Male) |
| 27:05 | Crear | Villager (Male) |
| 27:06 | Crear | Villager (Male) |
| 27:23 | Investigar | Fletching |
| 27:33 | Investigar | Heavy Plow |
| 27:33 | Investigar | Heavy Plow |
| 27:41 | Crear | Villager (Male) |
| 27:41 | Crear | Villager (Male) |
| 27:57 | Construir | Town Center |
| 28:02 | Crear | Villager (Male) |
| 28:02 | Crear | Villager (Male) |
| 28:09 | Construir | Farm |
| 28:23 | Investigar | Gold Shaft Mining |
| 28:50 | Construir | Farm |
| 28:53 | Construir | Farm |
| 28:57 | Construir | Farm |
| 29:11 | Construir | House |
| 29:22 | Crear | Villager (Male) |
| 29:23 | Crear | Villager (Male) |
| 29:23 | Crear | Villager (Male) |
| 29:23 | Crear | Villager (Male) |
| 29:24 | Crear | Villager (Male) |
| 29:24 | Crear | Villager (Male) |
| 29:24 | Crear | Villager (Male) |
| 29:25 | Crear | Villager (Male) |
| 29:40 | Construir | House |
| 29:41 | Construir | House |
| 29:42 | Construir | House |
| 29:44 | Construir | House |
| 29:49 | Construir | University |
| 29:53 | Construir | House |
| 30:03 | Investigar | Stone Shaft Mining |
| 30:03 | Investigar | Stone Shaft Mining |
| 30:09 | Crear | Villager (Male) |
| 30:09 | Crear | Villager (Male) |
| 30:10 | Crear | Villager (Male) |
| 30:11 | Crear | Villager (Male) |
| 30:19 | Crear | Villager (Male) |
| 30:20 | Crear | Villager (Male) |
| 30:20 | Crear | Villager (Male) |
| 30:30 | Construir | House |
| 30:32 | Construir | House |
| 31:14 | Construir | Castle |
| 31:41 | Investigar | Bodkin Arrow |
| 31:41 | Investigar | Bodkin Arrow |
| 31:41 | Investigar | Padded Archer Armor |
| 32:07 | Construir | Farm |
| 33:22 | Construir | University |
Build order — Options1986
Primeras 150 de 268 acciones detectadas
| 1:12 | Construir | Town Center |
| 2:44 | Crear | Villager (Male) |
| 2:44 | Crear | Villager (Male) |
| 2:44 | Crear | Villager (Male) |
| 2:47 | Crear | Villager (Male) |
| 2:47 | Crear | Villager (Male) |
| 3:58 | Crear | Villager (Male) |
| 4:08 | Construir | Lumber Camp |
| 4:31 | Crear | Villager (Male) |
| 5:00 | Crear | Villager (Male) |
| 5:33 | Crear | Villager (Male) |
| 5:54 | Crear | Villager (Male) |
| 6:23 | Crear | Villager (Male) |
| 6:47 | Construir | Mining Camp |
| 6:56 | Crear | Villager (Male) |
| 8:07 | Crear | Villager (Male) |
| 8:08 | Crear | Villager (Male) |
| 8:08 | Crear | Villager (Male) |
| 8:28 | Crear | Villager (Male) |
| 8:35 | Crear | Villager (Male) |
| 8:52 | Crear | Villager (Male) |
| 9:04 | Crear | Villager (Male) |
| 9:36 | Crear | Villager (Male) |
| 9:44 | Crear | Villager (Male) |
| 10:21 | Crear | Villager (Male) |
| 10:36 | Crear | Villager (Male) |
| 11:15 | Construir | Mill |
| 11:20 | Crear | Villager (Male) |
| 11:57 | Construir | Farm |
| 11:58 | Construir | Farm |
| 12:15 | Investigar | Feudal Age |
| 12:38 | Crear | Villager (Male) |
| 13:21 | Construir | Barracks |
| 13:24 | Crear | Villager (Male) |
| 14:15 | Construir | Farm |
| 14:25 | Edad | Edad Feudal |
| 14:26 | Investigar | Double-Bit Axe |
| 14:57 | Investigar | Loom |
| 15:19 | Construir | Farm |
| 15:19 | Construir | Farm |
| 15:19 | Construir | Farm |
| 15:19 | Construir | Farm |
| 15:23 | Construir | Farm |
| 15:29 | Crear | Villager (Male) |
| 15:56 | Crear | Villager (Male) |
| 16:31 | Construir | Farm |
| 16:32 | Crear | Villager (Male) |
| 16:48 | Construir | Market |
| 16:58 | Construir | Blacksmith |
| 17:01 | Crear | Villager (Male) |
| 17:05 | Crear | Villager (Male) |
| 17:18 | Crear | Villager (Male) |
| 17:39 | Construir | Farm |
| 18:03 | Investigar | Castle Age |
| 18:16 | Construir | Stable |
| 18:51 | Crear | Villager (Male) |
| 18:57 | Crear | Villager (Male) |
| 19:06 | Investigar | Gold Mining |
| 19:25 | Investigar | Bloodlines |
| 19:32 | Crear | Villager (Male) |
| 19:49 | Investigar | Stone Mining |
| 20:43 | Edad | Edad de los Castillos |
| 20:58 | Crear | Knight |
| 21:21 | Construir | Town Center |
| 21:27 | Crear | Knight |
| 21:28 | Crear | Knight |
| 21:33 | Investigar | Scale Barding Armor |
| 21:35 | Crear | Villager (Male) |
| 22:01 | Crear | Villager (Male) |
| 22:32 | Crear | Knight |
| 22:34 | Crear | Villager (Male) |
| 22:37 | Crear | Villager (Male) |
| 22:37 | Crear | Villager (Male) |
| 23:02 | Crear | Villager (Male) |
| 23:18 | Investigar | Bow Saw |
| 23:20 | Crear | Villager (Male) |
| 23:20 | Crear | Villager (Male) |
| 23:29 | Crear | Knight |
| 23:34 | Crear | Villager (Male) |
| 23:35 | Crear | Villager (Male) |
| 23:42 | Crear | Villager (Male) |
| 24:06 | Crear | Villager (Male) |
| 24:18 | Construir | Castle |
| 24:27 | Crear | Villager (Male) |
| 24:33 | Crear | Villager (Male) |
| 24:34 | Crear | Villager (Male) |
| 25:01 | Crear | Villager (Male) |
| 25:01 | Crear | Villager (Male) |
| 25:04 | Crear | Villager (Male) |
| 25:08 | Construir | Farm |
| 25:10 | Construir | Farm |
| 25:19 | Crear | Knight |
| 25:19 | Crear | Knight |
| 25:48 | Investigar | Forging |
| 26:31 | Crear | Villager (Male) |
| 26:32 | Crear | Villager (Male) |
| 26:37 | Construir | Farm |
| 26:41 | Crear | Villager (Male) |
| 26:41 | Crear | Villager (Male) |
| 26:42 | Crear | Villager (Male) |
| 27:09 | Investigar | Husbandry |
| 27:43 | Investigar | Wheelbarrow |
| 27:43 | Crear | Villager (Male) ×2 |
| 28:26 | Construir | Stone Wall |
| 28:46 | Crear | Knight ×4 |
| 29:13 | Crear | Villager (Male) |
| 29:14 | Crear | Villager (Male) |
| 29:18 | Crear | Villager (Male) |
| 29:29 | Construir | Farm |
| 29:29 | Construir | Farm |
| 29:37 | Investigar | Horse Collar |
| 30:12 | Construir | Farm |
| 30:21 | Construir | Stable |
| 30:21 | Construir | Stable |
| 30:22 | Construir | Stable |
| 30:22 | Construir | Stable |
| 30:24 | Construir | Stable |
| 30:38 | Construir | Farm |
| 30:51 | Construir | Mill |
| 30:53 | Construir | Farm |
| 30:53 | Construir | Farm |
| 30:53 | Construir | Farm |
| 30:53 | Construir | Farm |
| 30:53 | Construir | Farm |
| 30:54 | Construir | Farm |
| 30:54 | Construir | Farm |
| 30:54 | Construir | Farm |
| 30:56 | Crear | Villager (Male) |
| 30:56 | Crear | Villager (Male) |
| 31:04 | Investigar | Marauders |
| 31:06 | Investigar | Iron Casting |
| 31:08 | Crear | Villager (Male) |
| 31:09 | Crear | Villager (Male) |
| 31:10 | Crear | Villager (Male) |
| 31:30 | Construir | Farm |
| 31:31 | Construir | Farm |
| 31:31 | Construir | Farm |
| 31:31 | Construir | Farm |
| 31:31 | Construir | Farm |
| 31:31 | Construir | Farm |
| 31:57 | Construir | Farm |
| 32:00 | Crear | Villager (Male) |
| 32:04 | Investigar | Hand Cart |
| 32:10 | Construir | Farm |
| 32:14 | Crear | Villager (Male) |
| 32:15 | Crear | Villager (Male) |
| 32:30 | Investigar | Heavy Plow |
| 32:38 | Construir | Mill |
| 32:39 | Construir | Farm |
| 32:39 | Construir | Farm |
Build order — PATRIOTSFAN323
Primeras 150 de 362 acciones detectadas
| 0:02 | Construir | House |
| 1:30 | Construir | Town Center |
| 3:46 | Crear | Villager (Male) ×4 |
| 4:47 | Crear | Villager (Male) |
| 4:47 | Crear | Villager (Male) |
| 5:14 | Crear | Villager (Male) |
| 5:14 | Crear | Villager (Male) |
| 5:15 | Crear | Villager (Male) |
| 5:45 | Crear | Villager (Male) |
| 5:45 | Crear | Villager (Male) |
| 5:46 | Crear | Villager (Male) |
| 5:55 | Construir | House |
| 6:02 | Crear | Villager (Male) |
| 6:03 | Crear | Villager (Male) |
| 6:03 | Crear | Villager (Male) |
| 6:23 | Crear | Villager (Male) |
| 7:11 | Crear | Villager (Male) |
| 7:11 | Crear | Villager (Male) |
| 7:11 | Crear | Villager (Male) |
| 7:40 | Construir | Lumber Camp |
| 7:42 | Crear | Villager (Male) |
| 7:43 | Crear | Villager (Male) |
| 8:03 | Construir | House |
| 8:32 | Crear | Villager (Male) |
| 8:45 | Crear | Villager (Male) |
| 9:28 | Crear | Villager (Male) |
| 9:34 | Construir | House |
| 9:59 | Crear | Villager (Male) |
| 10:26 | Crear | Villager (Male) |
| 11:07 | Construir | Mill |
| 11:11 | Crear | Villager (Male) |
| 11:28 | Investigar | Feudal Age |
| 12:47 | Construir | Farm |
| 12:47 | Construir | Farm |
| 12:48 | Construir | Farm |
| 13:12 | Crear | Villager (Male) |
| 13:15 | Crear | Villager (Male) |
| 13:29 | Construir | Barracks |
| 13:53 | Crear | Villager (Male) |
| 14:21 | Crear | Villager (Male) |
| 14:53 | Construir | Stable |
| 15:28 | Investigar | Wheelbarrow |
| 15:29 | Crear | Villager (Male) |
| 15:29 | Crear | Villager (Male) |
| 15:29 | Crear | Villager (Male) |
| 15:36 | Crear | Villager (Male) |
| 15:51 | Crear | Scout Cavalry |
| 15:52 | Crear | Scout Cavalry |
| 16:04 | Construir | Market |
| 16:07 | Crear | Villager (Male) |
| 16:16 | Construir | House |
| 16:26 | Crear | Villager (Male) |
| 16:28 | Crear | Scout Cavalry |
| 16:45 | Crear | Villager (Male) |
| 16:55 | Construir | Stable |
| 17:19 | Crear | Villager (Male) |
| 17:26 | Construir | Blacksmith |
| 17:34 | Crear | Villager (Male) |
| 17:45 | Crear | Scout Cavalry |
| 17:47 | Investigar | Double-Bit Axe |
| 17:52 | Crear | Villager (Male) |
| 17:54 | Crear | Scout Cavalry |
| 18:03 | Construir | House |
| 18:45 | Crear | Scout Cavalry |
| 18:45 | Crear | Scout Cavalry |
| 19:08 | Crear | Scout Cavalry |
| 19:09 | Crear | Scout Cavalry |
| 19:45 | Investigar | Forging |
| 20:13 | Crear | Villager (Male) |
| 20:13 | Crear | Villager (Male) |
| 20:13 | Crear | Villager (Male) |
| 20:37 | Construir | Farm |
| 20:37 | Construir | Farm |
| 20:37 | Construir | Farm |
| 20:38 | Construir | Farm |
| 20:38 | Construir | Farm |
| 20:38 | Construir | Farm |
| 20:38 | Construir | Farm |
| 20:38 | Construir | Farm |
| 20:39 | Construir | Farm |
| 20:39 | Construir | Farm |
| 21:21 | Crear | Scout Cavalry |
| 21:21 | Crear | Scout Cavalry |
| 21:55 | Construir | Farm |
| 21:55 | Construir | Farm |
| 21:56 | Construir | Farm |
| 21:56 | Construir | Farm |
| 22:51 | Construir | Farm |
| 22:52 | Construir | Farm |
| 22:52 | Construir | Farm |
| 22:52 | Construir | Farm |
| 23:49 | Investigar | Castle Age |
| 23:51 | Construir | Farm |
| 23:51 | Construir | Farm |
| 23:51 | Construir | Farm |
| 23:52 | Construir | Farm |
| 23:52 | Construir | Farm |
| 23:52 | Construir | Farm |
| 24:28 | Construir | Palisade Wall |
| 24:34 | Construir | Palisade Wall |
| 26:38 | Construir | Town Center |
| 26:45 | Investigar | Scale Barding Armor |
| 26:49 | Crear | Villager (Male) |
| 26:49 | Crear | Villager (Male) |
| 27:21 | Crear | Villager (Male) |
| 27:22 | Crear | Villager (Male) |
| 27:37 | Construir | Farm |
| 27:41 | Crear | Villager (Male) |
| 27:41 | Crear | Villager (Male) |
| 27:41 | Investigar | Loom |
| 28:28 | Construir | Farm |
| 28:28 | Construir | Farm |
| 28:28 | Construir | Farm |
| 28:28 | Construir | Farm |
| 28:29 | Construir | Farm |
| 29:14 | Construir | Town Center |
| 29:17 | Crear | Villager (Male) ×14 |
| 29:17 | Crear | Villager (Male) |
| 29:56 | Investigar | Chain Barding Armor |
| 29:59 | Crear | Villager (Male) |
| 29:59 | Crear | Villager (Male) |
| 30:23 | Crear | Villager (Male) |
| 30:23 | Crear | Villager (Male) |
| 30:23 | Crear | Villager (Male) |
| 30:33 | Construir | House |
| 30:38 | Crear | Villager (Male) |
| 30:38 | Crear | Villager (Male) |
| 30:43 | Construir | House |
| 30:43 | Construir | House |
| 30:43 | Construir | House |
| 30:43 | Construir | House |
| 30:44 | Construir | House |
| 30:44 | Construir | House |
| 30:51 | Construir | House |
| 30:52 | Construir | House |
| 30:55 | Construir | House |
| 30:57 | Crear | Villager (Male) |
| 30:58 | Crear | Villager (Male) |
| 31:17 | Construir | Lumber Camp |
| 31:20 | Crear | Villager (Male) |
| 31:20 | Crear | Villager (Male) |
| 31:38 | Construir | Building 490 |
| 31:43 | Construir | Farm |
| 31:54 | Construir | Mining Camp |
| 31:58 | Investigar | Horse Collar |
| 31:59 | Construir | Farm |
| 32:02 | Crear | Villager (Male) |
| 32:02 | Crear | Villager (Male) |
| 32:02 | Crear | Villager (Male) |
| 32:14 | Construir | Stone Wall |
Cronología de la partida
| 6:06 | walnutmonster · first_building Dock |
| 8:55 | Weolex · first_building Dock |
| 10:04 | mattinstat · first_building Barracks |
| 10:27 | walnutmonster · wall_segment Palisade Wall x6 |
| 10:51 | walnutmonster · wall_segment Palisade Wall x12 |
| 10:54 | Wgonzalez079389 · first_building Dock |
| 11:48 | mattinstat · wall_segment Palisade Wall x1 |
| 12:34 | walnutmonster · wall_segment Palisade Wall x4 |
| 12:53 | walnutmonster · wall_segment Palisade Wall x8 |
| 12:58 | Weolex · first_building Barracks |
| 13:21 | Options1986 · first_building Barracks |
| 13:24 | mattinstat · age_up feudal |
| 13:29 | PATRIOTSFAN323 · first_building Barracks |
| 13:38 | mattinstat · first_building Stable |
| 14:25 | Options1986 · age_up feudal |
| 14:26 | Weolex · age_up feudal |
| 14:34 | Weolex · first_building Archery Range |
| 14:53 | PATRIOTSFAN323 · first_building Stable |
| 15:44 | walnutmonster · wall_segment Palisade Wall x1 |
| 15:45 | walnutmonster · wall_segment Palisade Wall x1 |
| 16:55 | walnutmonster · age_up feudal |
| 17:26 | CheJuani10 · first_building Barracks |
| 17:59 | walnutmonster · wall_segment Stone Wall x4 |
| 18:02 | walnutmonster · wall_segment Stone Wall x3 |
| 18:16 | Options1986 · first_building Stable |
| 19:13 | PATRIOTSFAN323 · first_market_buy 100 food |
| 19:21 | Weolex · wall_segment Palisade Wall x7 |
| 19:26 | Weolex · wall_segment Palisade Wall x4 |
| 19:29 | Weolex · wall_segment Palisade Wall x6 |
| 19:37 | mattinstat · age_up castle |
| 20:34 | Wgonzalez079389 · first_building Barracks |
| 20:43 | Options1986 · age_up castle |
| 20:47 | Options1986 · first_market_buy 100 wood |
| 21:04 | CheJuani10 · first_market_sell 100 stone |
| 21:41 | Selobate · first_market_buy 100 food |
| 21:42 | Wgonzalez079389 · first_building Stable |
| 21:42 | walnutmonster · age_up castle |
| 22:30 | Options1986 · first_market_sell 100 food |
| 23:07 | CheJuani10 · first_market_buy 100 food |
| 23:21 | Weolex · age_up castle |
| 23:43 | Wgonzalez079389 · wall_segment Stone Wall x6 |
| 24:13 | Wgonzalez079389 · wall_segment Stone Wall x14 |
| 24:18 | Options1986 · first_building Castle |
| 24:28 | PATRIOTSFAN323 · wall_segment Palisade Wall x4 |
| 24:32 | walnutmonster · first_market_buy 100 food |
| 24:34 | PATRIOTSFAN323 · wall_segment Palisade Wall x6 |
| 24:57 | Wgonzalez079389 · first_market_buy 500 food |
| 25:39 | Weolex · wall_segment Palisade Wall x1 |
| 25:40 | Weolex · wall_segment Palisade Wall x1 |
| 26:03 | Wgonzalez079389 · wall_segment Stone Wall x7 |
| 26:09 | Wgonzalez079389 · wall_segment Stone Wall x6 |
| 26:46 | Weolex · wall_segment Palisade Wall x4 |
| 27:14 | Weolex · first_market_buy 100 wood |
| 27:52 | walnutmonster · first_building Castle |
| 28:26 | Options1986 · wall_segment Stone Wall x5 |
| 28:56 | Weolex · wall_segment Palisade Wall x1 |
| 28:56 | Wgonzalez079389 · first_building Monastery |
| 29:01 | Weolex · wall_segment Palisade Wall x1 |
| 29:08 | PATRIOTSFAN323 · first_market_sell 100 food |
| 29:15 | Weolex · wall_segment Palisade Wall x1 |
| 29:16 | Weolex · wall_segment Palisade Wall x1 |
| 29:55 | Wgonzalez079389 · first_building Castle |
| 29:59 | walnutmonster · first_building Siege Workshop |
| 30:04 | Weolex · wall_segment Palisade Wall x1 |
| 30:05 | Weolex · wall_segment Palisade Wall x1 |
| 30:40 | mattinstat · first_building Monastery |
| 31:02 | Wgonzalez079389 · first_market_sell 500 wood |
| 31:08 | Weolex · first_building Siege Workshop |
| 31:14 | Selobate · first_building Castle |
| 32:14 | PATRIOTSFAN323 · wall_segment Stone Wall x9 |
| 33:04 | walnutmonster · first_building Barracks |
| 33:16 | PATRIOTSFAN323 · wall_segment Stone Wall x5 |
| 33:25 | Options1986 · wall_segment Stone Wall x9 |
| 33:27 | Options1986 · wall_segment Stone Wall x5 |
| 33:29 | Options1986 · wall_segment Stone Wall x1 |
| 33:30 | Options1986 · wall_segment Stone Wall x1 |
| 33:33 | Options1986 · wall_segment Stone Wall x1 |
| 33:34 | Options1986 · wall_segment Stone Wall x1 |
| 33:40 | Weolex · first_building Castle |
| 33:52 | PATRIOTSFAN323 · first_building Castle |
| 34:29 | Options1986 · first_building Monastery |
| 34:37 | Weolex · first_market_sell 100 wood |
| 36:05 | Selobate · first_market_sell 100 food |
| 36:25 | Selobate · first_building Barracks |
| 37:15 | Selobate · first_building Archery Range |
| 38:47 | Options1986 · age_up imperial |
| 39:03 | Weolex · age_up imperial |
| 40:05 | Options1986 · first_building Archery Range |
| 40:17 | Wgonzalez079389 · first_building Siege Workshop |
| 41:03 | walnutmonster · first_market_sell 100 wood |
| 42:12 | mattinstat · first_building Castle |
| 43:53 | Weolex · wall_segment Stone Wall x4 |
| 44:09 | Weolex · wall_segment Stone Wall x3 |
| 45:19 | CheJuani10 · first_building Monastery |
| 45:52 | CheJuani10 · first_building Siege Workshop |
| 48:19 | Weolex · first_building Stable |
| 48:26 | Wgonzalez079389 · resign |
| 54:24 | mattinstat · age_up imperial |
| 54:39 | walnutmonster · age_up imperial |
[ ANÁLISIS IA · 1 CRÉDITO ]
¿Qué pasó realmente en esta partida?
Wolo.gg analiza cada decisión: build order, eco, micro, errores típicos por bracket. Análisis personalizado por WhatsApp o Discord en 30 segundos.
Guía civ
Francos
Guía mapa
Shipwreck
Perfil
Jugador #4496845